Map: Dusk Towers

Players

lIIlllIIIlll - Winner!

  • Race: Terran Terran
  • League: Master

Miszu

  • Race: Protoss Protoss
  • League: Master

VOD

Have the link to the VOD?

Description

Time

  • Played on: April 3, 2016, 5:12 p.m.
  • Length: 26:16
Show
View Real Time Build Order
Export as new Build Order

lIIlllIIIlll Terran - Winner!

Build Orders: Liberator Opening, Reaper Expand, MMM Bio 

Get SALT Encoding   

  12  0:00  SCV  
  13  0:12  SCV  
  14  0:18  Supply Depot  
  14  0:25  SCV  
  15  0:39  SCV  
  15  0:40  Barracks  
  16  0:44  Refinery  
  16  0:51  SCV  
  17  1:04  SCV  
  18  1:16  SCV  
  19  1:27  Reaper  
  19  1:29  Orbital Command  
  20  1:40  Command Center  
  20  1:51  Supply Depot  
  20  1:55  SCV  
  20  2:00  Barracks Reactor  
  21  2:06  Refinery  
  21  2:07  SCV  
  22  2:19  SCV  
  23  2:23  Factory  
  23  2:31  SCV  
  23  2:35  Marine  
  23  2:36  Marine  
  26  2:43  SCV  
  27  2:53  Marine  
  27  2:54  Marine, Orbital Command  
  27  2:56  SCV  
  30  3:07  Factory Tech Lab  
  30  3:08  Starport, SCV  
  30  3:11  Marine x2  
  33  3:20  SCV x2  
  33  3:26  Cyclone  
  37  3:29  Liberator  
  37  3:31  Supply Depot  
  37  3:32  SCV x2  
  37  3:33  Marine x2  
  41  3:44  SCV x2  
  46  3:50  Supply Depot  
  46  3:56  Marine x2, SCV x2  
  46  3:58  Widow Mine  
  52  4:08  SCV x2  
  54  4:18  Command Center  
  54  4:20  Supply Depot, SCV x2  
  56  4:29  Supply Depot  
  56  4:30  Engineering Bay  
  56  4:32  SCV  
  56  4:33  SCV  
  58  4:44  Barracks x2  
  58  4:45  SCV x2  
  60  4:48  Starport Reactor, Marine, Stimpack  
  60  4:53  Factory Tech Lab  
  60  4:57  SCV x2  
  62  5:00  Terran Infantry Weapons Level 1  
  62  5:02  Refinery  
  62  5:03  Refinery  
  62  5:09  Marine, SCV x2  
  65  5:19  Barracks x2  
  65  5:21  SCV x2  
  67  5:26  Medivac x2  
  73  5:28  Marauder  
  73  5:31  Orbital Command  
  73  5:35  Marine, SCV x2  
  75  5:36  Marine  
  75  5:39  Combat Shields  
  77  5:47  Supply Depot  
  77  5:49  SCV x2  
  81  5:52  Supply Depot  
  81  5:53  Orbital Command  
  81  5:54  Marine x2  
  81  5:56  Medivac x2  
  85  6:01  SCV x2  
  87  6:04  Missile Turret x2  
  87  6:08  Barracks Reactor, Barracks Tech Lab  
  87  6:13  SCV x2  
  87  6:14  Liberator x2  
  89  6:19  Supply Depot  
  89  6:20  Supply Depot  
  89  6:22  SCV  
  89  6:24  Missile Turret  
  89  6:25  SCV x2  
  98  6:36  Supply Depot  
  98  6:38  SCV x2  
  98  6:39  Supply Depot, SCV  
  101  6:47  Refinery  
  101  6:48  Refinery  
  101  6:49  Concussive Shells  
  101  6:50  SCV x2  
  101  6:51  SCV  
  101  6:54  Marine x4, Terran Infantry Armor Level 1  
  105  6:55  Marine  
  105  6:56  Marine x2  
  111  7:02  SCV x2  
  111  7:03  SCV  
  114  7:08  Liberator  
  114  7:09  Liberator  
  114  7:11  Fusion Core  
  114  7:13  Starport  
  114  7:17  Command Center  
  117  7:28  Factory Tech Lab  
  120  7:31  Marine x2  
  120  7:35  Marine, Missile Turret  
  120  7:36  Supply Depot, Marine  
  124  7:38  Supply Depot  
  124  7:39  Supply Depot  
  124  7:40  Liberator  
  124  7:51  Liberator  
  124  7:57  Missile Turret  
  126  7:59  Missile Turret  
  126  8:00  Liberator  
  126  8:01  Advanced Ballistics  
  126  8:05  Armory  
  126  8:09  Missile Turret  
  126  8:11  Missile Turret  
  129  8:13  Missile Turret x2  
  129  8:16  Missile Turret  
  129  8:19  Marine x3, Missile Turret  
  135  8:23  Liberator  
  135  8:28  Starport, Factory Reactor  
  135  8:32  Marine x2  
  137  8:34  Liberator  
  137  8:37  Refinery  
  137  8:38  Refinery  
  137  8:41  Missile Turret  
  139  8:43  Marine x3, Marauder x2  
  139  8:45  Liberator  
  144  8:50  Marine  
  144  8:51  Marauder  
  150  8:57  SCV x3  
  150  9:01  Planetary Fortress  
  153  9:09  Liberator  
  153  9:16  Marine x3  
  156  9:17  Liberator  
  156  9:18  Liberator  
  156  9:21  SCV  
  156  9:22  SCV x2  
  156  9:24  Refinery  
  157  9:25  Terran Ship Weapons Level 1  
  157  9:28  Refinery  
  157  9:29  Liberator  
  160  9:32  Command Center  
  160  9:33  SCV  
  160  9:34  SCV x2  
  160  9:37  Liberator  
  169  9:40  Supply Depot  
  169  9:41  Supply Depot  
  169  9:46  SCV, Missile Turret  
  169  9:52  Liberator  
  176  10:00  Liberator  
  176  10:01  Liberator  
  176  10:08  Barracks  
  176  10:10  Barracks x2  
  176  10:12  Liberator  
  179  10:20  Liberator  
  185  10:22  Command Center  
  185  10:35  Liberator  
  187  10:41  Command Center  
  190  10:46  Liberator x2  
  190  10:49  Factory Reactor  
  190  10:56  Missile Turret  
  193  10:58  Liberator  
  193  10:59  Refinery  
  196  11:14  Planetary Fortress  
  196  11:17  Missile Turret  
  199  11:19  Missile Turret  
  199  11:20  Refinery  
  199  11:21  Barracks Reactor, Barracks Tech Lab x2  
  199  11:34  Liberator x3  
  195  11:43  SCV x3  
  195  11:44  Orbital Command  
  195  11:45  SCV  
  195  11:46  Terran Ship Weapons Level 2, Terran Infantry Weapons Level 2  
  198  11:55  SCV x2  
  198  11:58  Command Center  
  200  12:16  Liberator x2  
  200  12:23  Liberator  
  200  12:24  Starport  
  200  12:27  Starport  
  185  12:32  Liberator  
  185  12:35  Marine x2, Marauder  
  185  12:36  Marine, Marauder x2  
  163  12:42  Marauder  
  159  12:46  Liberator  
  162  12:53  Marine  
  162  12:54  Marine  
  157  13:05  Marine x2  
  147  13:06  Marine  
  147  13:11  Marine x2  
  150  13:13  Liberator  
  150  13:16  Marine  
  150  13:17  Marine  
  150  13:18  Marauder, Liberator  
  150  13:19  Marine  
  151  13:22  Liberator  
  151  13:25  Liberator  
  146  13:30  Liberator  
  143  13:35  Liberator  
  149  13:53  SCV x2  
  149  13:54  SCV  
  149  13:55  SCV  
  156  13:56  SCV, Liberator  
  156  14:00  Viking x2, Liberator  
  161  14:08  Liberator  
  161  14:09  Planetary Fortress  
  161  14:10  Marine  
  161  14:11  Marine  
  166  14:19  Terran Ship Weapons Level 3  
  166  14:22  Viking  
  171  14:28  Marauder  
  171  14:29  Marauder  
  171  14:30  Viking  
  180  14:31  Marauder  
  180  14:35  Viking, Liberator x2  
  184  14:40  Viking  
  184  14:41  Liberator  
  184  14:44  Marauder  
  175  14:53  Marauder  
  127  15:00  Viking  
  177  15:02  Viking  
  177  15:04  Liberator  
  177  15:06  Marauder  
  183  15:09  Terran Infantry Weapons Level 3  
  183  15:10  Marine  
  184  15:17  Medivac  
  184  15:20  SCV  
  184  15:21  SCV  
  188  15:25  Liberator  
  194  15:29  Viking  
  194  15:31  Starport Reactor  
  194  15:32  Viking  
  194  15:35  Engineering Bay  
  195  15:41  Marauder  
  200  15:50  Starport Reactor, Liberator  
  200  15:52  Command Center  
  200  15:55  Command Center  
  182  16:07  Liberator x2  
  182  16:08  Liberator  
  182  16:09  Marauder, Liberator  
  182  16:10  Marine x2  
  182  16:11  Marauder x2  
  169  16:13  Marauder  
  169  16:14  Liberator, SCV x3  
  169  16:16  Marine x2  
  169  16:17  Marauder  
  154  16:22  Liberator  
  154  16:23  Marine x2  
  144  16:25  Liberator  
  144  16:26  Liberator  
  144  16:30  Liberator  
  141  16:33  Orbital Command  
  141  16:37  Marauder, Liberator  
  150  16:49  Marauder  
  150  16:50  Liberator  
  150  16:52  Marauder  
  150  16:53  Liberator  
  157  16:58  Refinery x2  
  162  17:11  Marauder  
  162  17:12  Marine, Marauder x3, Liberator  
  162  17:15  Marine, Marauder, Liberator  
  176  17:17  Marine  
  176  17:18  Marine  
  176  17:19  Marine x2  
  180  17:28  Missile Turret, Orbital Command  
  183  17:30  Marine  
  183  17:34  Liberator x2  
  183  17:35  Medivac  
  183  17:36  Viking  
  191  17:39  Viking  
  193  17:59  Liberator x2  
  193  18:00  Liberator  
  193  18:01  Marine  
  193  18:02  Marine  
  193  18:03  Marine x2  
  148  18:13  Marauder x2  
  148  18:14  Marine  
  148  18:15  Marine  
  140  18:22  Marine  
  140  18:25  Marine  
  141  18:31  Marine  
  141  18:33  Marauder x2  
  146  18:34  Marauder  
  146  18:35  Marine  
  146  18:36  Marine  
  146  18:37  Barracks  
  146  18:39  Barracks  
  146  18:40  Barracks  
  150  18:45  Planetary Fortress  
  150  18:48  Marine x2  
  154  18:49  Marine  
  154  18:54  Marine x2, Marauder  
  160  18:57  Medivac x2  
  166  19:06  Viking x3  
  166  19:07  Viking x2  
  171  19:11  Viking x2  
  172  19:20  Viking  
  174  19:25  Marauder x2  
  174  19:27  Viking x2, Marauder  
  174  19:28  Barracks Tech Lab, Marauder  
  174  19:29  Barracks Tech Lab x2  
  186  19:36  Viking  
  188  19:41  Viking  
  188  19:44  Viking, Refinery  
  192  19:46  Refinery, Marauder x2  
  192  19:48  Marauder x2  
  199  19:56  Marauder  
  193  20:00  Medivac x2  
  193  20:04  Viking x2  
  198  20:18  Marauder  
  200  20:33  Missile Turret  
  200  20:34  Missile Turret  
  200  20:40  Ghost Academy  
  194  21:14  Ghost x2  
  194  21:16  Ghost x2  
  194  21:17  Armory  
  194  21:18  Medivac  
  198  21:27  Viking  
  198  21:32  Viking  
  195  21:38  Marauder  
  197  21:43  Viking  
  186  21:57  Marauder  
  186  21:58  Viking  
  182  22:02  Viking x2  
  184  22:12  Marauder x2  
  184  22:13  Marine x3  
  184  22:14  Viking x2, Marauder x3, Liberator  
  184  22:15  Viking x3, Liberator  
  193  22:19  Marine, Marauder  
  185  22:27  Liberator x2  
  185  22:28  Viking, Liberator x2  
  175  22:30  Command Center, Missile Turret  
  175  22:31  Marine x3  
  188  22:37  Marine  
  188  22:40  Liberator  
  187  22:44  Viking  
  187  22:47  Starport  
  187  22:49  Starport  
  191  22:56  Terran Infantry Armor Level 2  
  194  22:59  Terran Vehicle And Ship Armor Level 1  
  194  23:01  Liberator x2  
  197  23:27  Ghost  
  197  23:33  Missile Turret x2  
  199  23:52  Starport Reactor x2  
  199  23:59  Command Center  
  199  24:01  Ghost x2  
  193  24:03  Ghost x3  
  197  24:12  Viking  
  199  24:21  Planetary Fortress  
  199  24:22  Missile Turret  
  198  24:24  Viking  
  195  24:34  Command Center  
  195  24:37  Command Center  
  194  24:42  Viking x2  
  198  24:47  Personal Cloaking  
  198  25:02  Missile Turret  
  196  25:15  Viking x2  
  200  25:22  Orbital Command  
Show
View Real Time Build Order
Export as new Build Order

Miszu Protoss 

Build Orders: 1 Gate Expand 

Get SALT Encoding   

  12  0:01  Probe (Chrono Boost)  
  13  0:11  Probe (Chrono Boost)  
  14  0:17  Pylon  
  14  0:22  Probe (Chrono Boost)  
  15  0:36  Probe (Chrono Boost)  
  15  0:38  Gateway  
  16  0:46  Probe (Chrono Boost)  
  18  0:57  Probe (Chrono Boost)  
  18  1:12  Nexus  
  18  1:17  Assimilator  
  18  1:28  Cybernetics Core  
  18  1:29  Probe (Chrono Boost)  
  19  1:37  Pylon  
  19  1:39  Probe (Chrono Boost)  
  20  1:44  Assimilator  
  20  1:50  Probe (Chrono Boost)  
  21  2:00  Probe (Chrono Boost)  
  22  2:04  Adept (Chrono Boost)  
  24  2:12  Probe  
  25  2:23  Probe  
  25  2:24  Mothership Core  
  25  2:28  Adept (Chrono Boost)  
  30  2:34  Probe  
  31  2:44  Probe  
  31  2:45  Probe  
  31  2:48  Robotics Facility  
  33  2:55  Probe  
  35  2:58  Probe  
  35  3:05  Probe  
  36  3:15  Probe  
  36  3:16  Probe  
  38  3:20  Stargate  
  38  3:26  Probe  
  38  3:27  Probe  
  40  3:35  Observer  
  40  3:37  Warp Gate (Chrono Boost)  
  40  3:39  Probe x2  
  43  3:43  Nexus  
  43  3:51  Pylon, Probe x2  
  45  3:58  Assimilator  
  45  3:59  Assimilator  
  45  4:00  Observer  
  46  4:09  Probe, Phoenix  
  49  4:13  Gateway, Stalker  
  49  4:14  Gateway  
  51  4:21  Pylon  
  51  4:23  Pylon  
  51  4:33  Probe  
  51  4:34  Phoenix  
  54  4:42  Probe  
  54  4:45  Probe  
  56  4:50  Twilight Council  
  56  4:54  Probe  
  56  4:55  Probe  
  56  4:57  Probe  
  59  5:06  Probe  
  59  5:07  Probe  
  60  5:11  Probe  
  62  5:17  Forge  
  62  5:18  Forge  
  62  5:19  Probe x2  
  64  5:23  Pylon, Probe  
  64  5:24  Immortal (Chrono Boost)  
  69  5:30  Probe  
  69  5:31  Blink, Probe  
  72  5:35  Probe  
  72  5:40  Probe  
  73  5:43  Probe  
  73  5:47  Probe  
  75  5:51  Protoss Ground Armor Level 1 (Chrono Boost), Probe  
  75  5:52  Protoss Ground Weapons Level 1 (Chrono Boost)  
  75  5:55  Probe  
  77  5:59  Immortal (Chrono Boost), Probe  
  77  6:04  Stalker x3  
  87  6:12  Pylon  
  87  6:13  Probe  
  87  6:16  Pylon  
  88  6:18  Gateway  
  88  6:19  Gateway  
  88  6:20  Gateway  
  88  6:29  Adept x2  
  88  6:31  Sentry  
  98  6:33  Immortal (Chrono Boost), Probe  
  98  6:35  Assimilator  
  98  6:37  Assimilator  
  99  6:45  Gateway  
  99  6:46  Gateway  
  99  6:50  Pylon  
  99  6:54  Adept  
  101  6:58  Stalker x2  
  105  7:04  Immortal (Chrono Boost)  
  109  7:09  Pylon  
  109  7:12  Pylon  
  109  7:26  Adept  
  109  7:27  Adept x3  
  117  7:30  Stalker x2  
  117  7:32  Resonating Glaives  
  117  7:36  Warp Prism  
  121  7:39  Pylon  
  121  7:42  Pylon  
  123  7:46  Robotics Facility  
  123  7:49  Stalker x3  
  123  7:50  Adept, Zealot  
  133  8:02  Protoss Ground Armor Level 2 (Chrono Boost), Protoss Ground Weapons Level 2 (Chrono Boost)  
  133  8:13  Templar Archives  
  133  8:17  Nexus  
  133  8:18  Immortal  
  133  8:22  Pylon  
  137  8:27  Pylon  
  137  8:29  Pylon  
  137  8:33  Adept  
  137  8:34  Adept  
  141  8:52  Stargate  
  141  8:53  Stargate  
  141  8:55  Fleet Beacon  
  139  9:01  Zealot x4  
  145  9:10  High Templar x2  
  145  9:11  High Templar x2  
  145  9:12  Warp Prism  
  145  9:16  Warp Prism  
  149  9:27  High Templar  
  149  9:28  High Templar  
  151  9:37  Psionic Storm  
  151  9:42  Assimilator  
  151  9:43  Assimilator  
  151  9:50  Probe  
  151  9:51  Probe x3  
  155  10:03  Probe x2  
  155  10:04  Probe  
  158  10:14  Protoss Ground Weapons Level 3 (Chrono Boost)  
  158  10:15  Tempest  
  158  10:17  Protoss Ground Armor Level 3 (Chrono Boost)  
  158  10:20  Pylon  
  162  10:27  Tempest  
  162  10:28  Pylon  
  166  10:30  Gateway, Zealot  
  166  10:31  Zealot x2  
  166  10:32  Zealot  
  174  10:39  Probe  
  175  10:42  Zealot  
  175  10:43  Zealot x3  
  183  10:50  Tempest  
  183  10:56  High Templar  
  189  10:57  High Templar  
  189  10:58  High Templar  
  189  11:02  Pylon  
  191  11:13  Tempest x2  
  181  11:48  Tempest  
  181  11:56  Tempest  
  181  11:59  Tempest  
  189  12:07  Nexus  
  126  12:45  Stalker  
  126  12:46  Stalker x8  
  126  12:47  Tempest x3  
  119  13:09  Stalker  
  119  13:10  Stalker x7  
  127  13:21  High Templar  
  127  13:23  Probe  
  127  13:24  Probe x2  
  127  13:25  Probe  
  126  13:30  Tempest x2  
  126  13:34  Probe  
  134  13:36  Probe  
  134  13:37  Tempest, Probe x2  
  142  13:41  Probe  
  142  13:44  Probe  
  144  13:48  Probe  
  144  13:49  Probe  
  144  13:53  High Templar x2  
  144  13:54  High Templar  
  152  14:01  Probe x2  
  152  14:02  Probe x3  
  157  14:09  Assimilator  
  157  14:11  Probe x2  
  157  14:14  Probe x3  
  157  14:16  High Templar  
  164  14:17  High Templar  
  164  14:22  Assimilator  
  166  14:26  Probe  
  166  14:29  Observer  
  168  14:31  Observer  
  166  14:53  Observer  
  166  14:57  High Templar x2  
  170  15:03  Assimilator  
  170  15:07  Pylon x2, Warp Prism  
  170  15:13  Warp Prism  
  174  15:17  Nexus  
  174  15:22  Tempest (Chrono Boost)  
  174  15:24  Oracle (Chrono Boost)  
  174  15:27  Tempest (Chrono Boost), Probe  
  174  15:28  Probe x3  
  187  15:29  Probe  
  190  15:40  Protoss Air Weapons Level 1, Probe x2  
  190  15:41  Probe  
  187  16:03  Tempest (Chrono Boost)  
  136  16:31  Tempest (Chrono Boost)  
  138  16:33  Stalker x4  
  138  16:36  Tempest (Chrono Boost)  
  144  16:43  Probe  
  144  16:44  Probe x3  
  144  16:46  Tempest (Chrono Boost)  
  152  16:53  Assimilator  
  152  16:57  Assimilator  
  152  17:00  High Templar x4  
  160  17:01  High Templar  
  162  17:21  High Templar x2  
  166  17:42  Tempest (Chrono Boost)  
  174  17:47  Tempest (Chrono Boost), Zealot x7  
  174  17:51  Pylon  
  188  17:53  Pylon  
  188  17:54  Adept x2  
  157  18:15  Zealot x3  
  157  18:16  Zealot x4  
  161  18:22  Tempest (Chrono Boost)  
  169  18:28  Tempest (Chrono Boost)  
  169  18:30  Tempest (Chrono Boost)  
  147  18:43  High Templar  
  147  18:44  High Templar  
  147  18:45  High Templar  
  147  18:47  Nexus  
  149  18:59  Tempest (Chrono Boost)  
  149  19:02  Photon Cannon  
  149  19:06  Photon Cannon  
  149  19:08  Photon Cannon  
  153  19:12  Photon Cannon  
  153  19:13  Pylon  
  153  19:14  Photon Cannon  
  153  19:15  Pylon, Tempest (Chrono Boost)  
  153  19:16  Assimilator  
  153  19:18  Photon Cannon  
  153  19:19  High Templar  
  153  19:20  Photon Cannon  
  153  19:21  Warp Prism, Assimilator  
  155  19:26  Warp Prism  
  163  19:34  Tempest (Chrono Boost)  
  163  19:37  Photon Cannon  
  163  19:44  Photon Cannon  
  163  19:46  Oracle (Chrono Boost)  
  162  19:58  Photon Cannon  
  154  20:02  High Templar  
  154  20:03  High Templar  
  158  20:17  Gateway  
  158  20:18  Gateway  
  158  20:20  Zealot  
  160  20:21  Charge (Chrono Boost), Gateway  
  160  20:24  Gateway  
  160  20:25  Gateway  
  160  20:26  Tempest  
  160  20:31  Tempest  
  168  20:52  Zealot x9  
  171  21:14  High Templar x2  
  171  21:18  Probe x4  
  149  21:19  Probe x3  
  149  21:25  Warp Prism x2  
  149  21:28  Probe x4  
  149  21:31  Probe x3  
  156  21:43  Probe  
  152  22:01  Warp Prism  
  125  22:10  Stalker x3  
  125  22:14  Stalker x2  
  125  22:15  Stalker x4  
  83  22:30  Tempest (Chrono Boost)  
  83  22:34  Tempest x2 (Chrono Boost)  
  77  22:48  High Templar x3  
  77  22:49  High Templar  
  85  22:54  Probe  
  85  22:55  Probe x4  
  90  23:03  Probe  
  90  23:05  Probe  
  91  23:06  Probe  
  91  23:12  Tempest (Chrono Boost)  
  91  23:13  High Templar  
  91  23:14  High Templar  
  91  23:15  Tempest x2 (Chrono Boost)  
  100  23:21  Probe x4  
  104  23:28  Probe  
  104  23:31  Probe  
  104  23:34  Probe x2  
  108  23:40  Probe x2  
  107  23:41  Probe x2  
  107  23:42  Probe  
  107  23:46  High Templar, Probe  
  107  23:47  High Templar  
  117  23:49  Tempest (Chrono Boost)  
  117  23:53  Tempest (Chrono Boost)  
  125  24:02  Probe  
  125  24:03  Probe x2  
  125  24:04  Probe  
  125  24:07  Photon Cannon  
  129  24:10  Photon Cannon  
  129  24:12  Probe  
  130  24:19  Tempest (Chrono Boost)  
  130  24:23  Photon Cannon  
  134  24:24  Probe  
  134  24:26  Tempest (Chrono Boost)  
  139  24:32  Tempest (Chrono Boost)  
  139  24:38  Photon Cannon  
  143  24:48  Zealot x3  
  143  24:52  High Templar x2  
  151  24:55  Gateway  
  151  24:59  Gateway  
  151  25:09  Tempest (Chrono Boost)  
  149  25:22  Tempest (Chrono Boost)  
  153  25:39  Observer x2  
  155  25:44  Pylon  
  155  25:45  Photon Cannon x2  
  155  25:48  Photon Cannon x2  
Tags
 
Add a new tag
Caveats
  • Supply blocks, unpowered buildings, or Contaminate may cause inaccurate times.
  • Supply counts are checked every 10 seconds.